 Dungeon Crawl Stone Soup version 0.31-a0-1074-g0b22e4e0f1 (webtiles) character file.

Game seed: 13558956735810865484

53 Dirtsage the Slasher (level 3, -3/29 HPs)
             Began as a Demonspawn Monk on Nov 26, 2023.
             Slain by a gnoll
             ... wielding a +0 club
              (4 damage)
             ... on level 3 of the Dungeon.
             The game lasted 00:02:10 (1269 turns).

Dirtsage the Slasher (Demonspawn Monk)              Turns: 1269, Time: 00:02:11

Health: -3/29      AC:  3    Str: 11    XL:     3   Next: 62%
Magic:  3/3        EV: 13    Int: 11    God:
Gold:   31         SH:  4    Dex: 17    Spells: 2/2 levels left

rFire   . . .        a - +0 falchion
rCold   . . .        d - orb {light}
rNeg    . . .        b - +0 robe
rPois   .            (no helmet)
rElec   .            (no cloak)
rCorr   .            p - +0 pair of gloves
SInv    .            (no boots)
Will    .....        (no amulet)
Stlth   +            (no ring)
HPRegen 0.24/turn    (no ring)
MPRegen 0.08/turn

%: no passive effects
@: glowing
A: condensation shield
a: no special abilities


You were on level 3 of the Dungeon.
You visited 1 branch of the dungeon, and saw 3 of its levels.

You collected 122 gold pieces.
You spent 91 gold pieces at shops.

Inventory:

Hand Weapons
 a - a +0 falchion (weapon)
Armour
 b - a +0 robe (worn)
 d - an orb of light (worn)
 p - a +0 pair of gloves (worn)
Magical Staves
 o - a staff of death
Scrolls
 e - a scroll of revelation {unknown}
 g - a scroll of fear {unknown}
 i - 2 scrolls of identify
 l - a scroll of vulnerability {unknown}
 t - a scroll of teleportation
Potions
 c - a potion of ambrosia
 f - a potion of lignification {unknown}
 h - a potion of brilliance {unknown}
 j - 2 potions of berserk rage {unknown}
 k - a potion of enlightenment {unknown}
 m - a potion of attraction {unknown}
 n - a potion of degeneration {unknown}


   Skills:
 - Level 3.0 Fighting
 + Level 4.2 Long Blades
 - Level 2.6 Dodging


You had 2 spell levels left.
You didn't know any spells.
Your spell library contained the following spells:

 Spells                   Type           Power      Damage    Failure   Level
 Slow                     Hex            0%         N/A       34%         1
 Wereblood                Tmut           0%         N/A       47%         2
 Confusing Touch          Hex            0%         N/A       71%         3
 Sigil of Binding         Hex            0%         N/A       71%         3
 Vampiric Draining        Necr           0%         2d6       71%         3
 Irradiate                Conj/Tmut      0%         3d11      100%        5


Dungeon Overview and Level Annotations

Branches:
Dungeon (3/15)

Altars:

Shops:
D:2 (=?


Innate Abilities, Weirdness & Mutations

A meltable shield of frost defends you. (SH +4)


Message History

The gnoll misses you.
You hit the gnoll but do no damage.
The gnoll is almost dead.
The gnoll hits you with a +0 club.
You take 5 damage, and have 18/29 hp.
You hit the gnoll but do no damage.
The gnoll is almost dead.
The gnoll closely misses you.
You hit the gnoll.
You kill the gnoll!
Your Long Blades skill increases to level 4!
You hit the gnoll.
The gnoll is moderately wounded.
The gnoll hits you with a +0 club.
You take 3 damage, and have 15/29 hp.
You hit the gnoll.
The gnoll is moderately wounded.
The gnoll hits you with a +0 club!
* * * LOW HITPOINT WARNING * * *
You take 8 damage, and have 7/29 hp.
MASSIVE DAMAGE!!
You slash the gnoll!
The gnoll is heavily wounded.
The gnoll barely misses you.
You hit the gnoll but do no damage.
The gnoll is heavily wounded.
The gnoll barely misses you.
You hit the gnoll.
The gnoll is almost dead.
The gnoll closely misses you.
You hit the gnoll but do no damage.
The gnoll is almost dead.
The gnoll hits you with a +0 flail!
* * * LOW HITPOINT WARNING * * *
You take 7 damage, and have 1/29 hp.
MASSIVE DAMAGE!!
You hit the gnoll.
You kill the gnoll!
You hit the gnoll.
The gnoll is severely wounded.
The gnoll hits you with a +0 club.
You die...

> . ##.# #. .#.#
##.######.#.####
...............
...#.......#
########.#.......#
.....gg@.........#
########.#.......#
#.#.#+#+###
#...#.# #.#.#.#
#####.#...#
......###.#
#......# ##..<#.#


You could see 2 gnolls.

Vanquished Creatures
  2 gnolls (D:3)
  An adder (D:2)
  A dart slug (D:1)
  A ball python (D:1)
  3 endoplasms
  A giant cockroach (D:3)
  4 goblins
  A hobgoblin (D:2)
  A quokka (D:1)
  4 bats (D:1)
  A frilled lizard (D:1)
  2 kobolds
  2 rats (D:1)
24 creatures vanquished.

Notes
Turn   | Place    | Note
-------+----------+-------------------------------------------
     0 | D:1      | Dirtsage the Demonspawn Monk began the quest for the Orb.
     0 | D:1      | Reached XP level 1. HP: 18/18 MP: 1/1
   104 | D:1      | Reached skill level 3 in Long Blades
   168 | D:1      | Gained mutation: A meltable shield of frost defends you.
                  | (SH +4) [demonic ancestry]
   168 | D:1      | Reached XP level 2. HP: 24/24 MP: 2/2
   456 | D:2      | Found Kicsukon's Jewellery Shoppe.
   713 | D:2      | Found Saatifov's Antique Weapon Shop.
   885 | D:2      | Found Pollal's Magic Scroll Emporium.
   888 | D:2      | Bought a scroll of identify for 26 gold pieces
   888 | D:2      | Bought a scroll of identify for 26 gold pieces
   888 | D:2      | Bought a scroll of teleportation for 39 gold pieces
   996 | D:2      | Reached XP level 3. HP: 9/29 MP: 3/3
  1262 | D:3      | Reached skill level 4 in Long Blades
  1267 | D:3      | HP: 1/29 [gnoll/+0 flail (7)]
  1269 | D:3      | Slain by a gnoll

Illustrated notes

Levels and vault maps discovered:
D:1:      dpeg_arrival_more_subterranean_lakeside_camping, layout_basic
D:2:      layout_basic, serial_shops, shop, nicolae_shop_behind_doors,
          nicolae_shop_crystal
D:3:      layout_basic, serial_shops, shop, serial_bayou_lake_a

Skill      XL: |  1  2  3 |
---------------+----------+-----
Long Blades    | 3 4 |  4.2
Fighting       | |  3.0
Dodging        | |  2.6

Action                     || total
---------------------------++-------
  Melee: Falchion          ||    70
 Armour: Robe              ||    33
  Dodge: Dodged            ||    37

Table legend: (Time is in decaauts)
 A = Elapsed time spent in this place.
 B = Non-inter-level travel time spent in this place.
 C = Inter-level travel time spent in this place.
 D = Time resting spent in this place.
 E = Time spent auto-exploring this place.
 F = Levels seen in this place.
 G = Mean time per level.
                   A        B        C        D        E       F      G
               +--------+--------+--------+--------+--------+-----+--------+
         Total |   1277 |   1256 |     21 |      0 |   1077 |   3 |  425.7 |
       Dungeon |   1277 |   1256 |     21 |      0 |   1077 |   3 |  425.7 |
               +--------+--------+--------+--------+--------+-----+--------+

Top non-repeatable levels by time:
     D:2: 807 daAuts
     D:1: 433 daAuts
     D:3: 37 daAuts
